 Dungeon Crawl Stone Soup version 0.31.0-9-g3a7656b989 (webtiles) character file.

Game seed: 17022728965615289073

270 qw the Shooter (level 6, -10/30 HPs)
             Began as a Spriggan Hunter on Feb 2, 2024.
             Mangled by an ogre
             ... wielding a +0 giant club
              (25 damage)
             ... on level 4 of the Dungeon.
             The game lasted 00:00:09 (2113 turns).

qw the Shooter (Spriggan Hunter)                    Turns: 2113, Time: 00:00:09

Health: -10/30     AC:  2    Str:  7    XL:     6   Next: 1%
Magic:  7/7        EV: 21    Int: 10    God:
Gold:   109        SH:  0    Dex: 21    Spells: 5/5 levels left

rFire   . . .        a - +0 shortbow
rCold   . . .        (shield currently unavailable)
rNeg    . . .        c - +0 robe
rPois   .            (helmet restricted)
rElec   .            (no cloak)
rCorr   .            (gloves unavailable)
SInv    +            (boots unavailable)
Will    +....        (no amulet)
Stlth   ++           (no ring)
HPRegen 0.25/turn    (no ring)
MPRegen 0.10/turn

%: no passive effects
@: very quick
A: very small, no large weapons, unfitting armour, see invisible, speed 3
a: no special abilities


You were on level 4 of the Dungeon.
You visited 1 branch of the dungeon, and saw 4 of its levels.

You collected 109 gold pieces.


Innate Abilities, Weirdness & Mutations

You are very small and have problems with some larger weapons.
You are too small for most types of armour.
You have supernaturally acute eyesight. (SInv)
You cover ground extremely quickly. (Speed+++)


   Skills:
 - Level 2.0 Fighting
 - Level 6.1 Ranged Weapons
 + Level 5.4 Dodging
 - Level 1.5 Stealth


You had 5 spell levels left.
You didn't know any spells.
Your spell library was empty.

Inventory:

Hand Weapons
 a - a +0 shortbow (weapon)
Armour
 c - a +0 robe (worn)
Potions
 e - a potion of curing {unknown}
 f - a potion of degeneration {unknown}
 g - a potion of invisibility {unknown}

Dungeon Overview and Level Annotations

Branches:
Dungeon (4/15)
 Temple: D:4-7

Altars:


Message History

You kill Ijyb!
Your Ranged Weapons skill increases to level 6!
You have reached level 6!
2017 ||| FLEEEEING.
You start resting.
An ogre is nearby!
2025 ||| FLEEEEING.
2026 ||| FLEEEEING.
2027 ||| FLEEEEING.
You start resting.
An ogre is nearby!
2032 ||| FLEEEEING.
2033 ||| FLEEEEING.
2034 ||| FLEEEEING.
You start resting.
An ogre is nearby!
2037 ||| FLEEEEING.
There is a stone staircase leading up here.
2038 ||| STAIRDANCE You climb upwards.
There is a stone staircase leading down here.
You start resting.
Your extra speed is starting to run out.
You feel yourself slow down.
HP restored.
You climb downwards.
The ogre hits you with a +0 giant club!
Ouch! That really hurt!
There is a stone staircase leading up here.
You shoot an arrow. The arrow hits the ogre!
The ogre is moderately wounded.
The ogre closely misses you.
You shoot an arrow. The arrow barely misses the ogre.
You shoot an arrow. The arrow hits the ogre.
The ogre is moderately wounded.
The ogre closely misses you.
You shoot an arrow. The arrow hits the ogre.
The ogre is heavily wounded.
The ogre hits you with a +0 giant club!!
Ouch! That really hurt!
You die...

#.# #.# #.# #.# # #.#
##. # #.# ... ..
##########.####.##.##
.....................
.......@##.##.#.##.#
#.###...O.......#
######.##.#.#
#.##.#.# #O##.#.#.#.
#...)O......
#.##.#.#)#.# #.##.#.#
#.##.. .


You could see an ogre.

Vanquished Creatures
  2 hounds (D:3)
  An orc priest (D:3)
  Ijyb (D:4)
  7 adders
  A gnoll (D:1)
  2 dart slugs
  13 orcs
  3 bats
  3 endoplasms (D:2)
  4 giant cockroaches
  3 goblins
  4 hobgoblins
  4 jackals (D:3)
  4 quokkas
  9 ball pythons
  3 frilled lizards
  6 kobolds
  4 rats
74 creatures vanquished.

Notes
Turn   | Place    | Note
-------+----------+-------------------------------------------
     0 | D:1      | qw the Spriggan Hunter began the quest for the Orb.
     0 | D:1      | Reached XP level 1. HP: 10/10 MP: 2/2
     0 | D:1      | 0 ||| qw: Version: 0.3-a-155-g5e7d8dd
     0 | D:1      | 0 ||| qw: Game counter: 2178
     0 | D:1      | 0 ||| qw: Melee chars always use a shield: true
     0 | D:1      | 0 ||| qw: God list: Okawaru
     0 | D:1      | 0 ||| qw: Allow faded altars: false
     0 | D:1      | 0 ||| qw: Do Orc after clearing Dungeon:15 true
     0 | D:1      | 0 ||| qw: Do second Lair branch before Depths: true
     0 | D:1      | 0 ||| qw: Lair rune preference: random
     0 | D:1      | 0 ||| qw: Goals: Normal
     0 | D:1      | 0 ||| PLANNING D:1-11
     1 | D:1      | Noticed an electric eel
    11 | D:1      | 11 ||| DROPPING scroll of butterflies.
    59 | D:1      | Reached skill level 3 in Dodging
   227 | D:1      | Reached XP level 2. HP: 14/14 MP: 3/3
   511 | D:1      | 511 ||| READING scroll labelled MIGYIL PECK.
   512 | D:1      | 512 ||| READING scroll labelled OPRIHI ZADGHOT.
   513 | D:1      | 513 ||| READING scroll labelled KIOTSOQ LOWIMY.
   513 | D:1      | 513 ||| IDENTIFYING fizzy grey potion
   514 | D:1      | 514 ||| READING scroll labelled OTUGOH EGOYTA.
   515 | D:1      | 515 ||| READING scroll labelled GUFOUW DUUL.
   516 | D:1      | 516 ||| DROPPING potion of attraction.
   546 | D:2      | 546 ||| STAIRDANCE
   568 | D:2      | Reached XP level 3. HP: 18/18 MP: 4/4
   939 | D:2      | Reached skill level 5 in Ranged Weapons
   939 | D:2      | Reached XP level 4. HP: 12/22 MP: 5/5
  1189 | D:2      | 1189 ||| READING scroll labelled COYSKO TOENIST.
  1194 | D:2      | 1194 ||| READING scroll labelled PANTOE ZOYMABB.
  1244 | D:3      | 1244 ||| STAIRDANCE
  1270 | D:3      | 1270 ||| STAIRDANCE
  1359 | D:3      | Reached XP level 5. HP: 26/26 MP: 6/6
  1498 | D:3      | HP: 6/26 [orc/+0 morningstar (13)]
  1978 | D:3      | 1978 ||| READING scroll of identify.
  1978 | D:3      | 1978 ||| IDENTIFYING grey potion
  2004 | D:4      | Noticed Ijyb
  2012 | D:4      | Noticed an ogre
  2013 | D:4      | 2013 ||| DRINKING potion of haste.
  2016 | D:4      | Killed Ijyb
  2017 | D:4      | Reached skill level 6 in Ranged Weapons
  2017 | D:4      | Reached XP level 6. HP: 11/30 MP: 7/7
  2017 | D:4      | 2017 ||| FLEEEEING.
  2025 | D:4      | 2025 ||| FLEEEEING.
  2026 | D:4      | 2026 ||| FLEEEEING.
  2027 | D:4      | 2027 ||| FLEEEEING.
  2032 | D:4      | 2032 ||| FLEEEEING.
  2033 | D:4      | 2033 ||| FLEEEEING.
  2034 | D:4      | 2034 ||| FLEEEEING.
  2037 | D:4      | 2037 ||| FLEEEEING.
  2038 | D:4      | 2038 ||| STAIRDANCE
  2113 | D:4      | Mangled by an ogre

Levels and vault maps discovered:
D:1:      arrival_aquarium_a, layout_basic
D:2:      layout_loops_ring
D:3:      layout_basic
D:4:      layout_basic, pf_just_have_faith, minmay_misc_feat_enclosed,
          grunt_decor_mini_mirrors, nicolae_letterblocks
          [nicolae_letter_subblock, nicolae_letter_subblock,
          nicolae_letter_subblock, nicolae_letter_subblock,
          nicolae_letter_subblock, nicolae_letter_subblock,
          nicolae_letter_subblock, nicolae_letter_subblock,
          nicolae_letter_subblock, nicolae_letter_subblock,
          nicolae_letter_subblock, nicolae_letter_subblock,
          nicolae_letter_subblock, nicolae_letter_subblock,
          nicolae_letter_subblock, nicolae_letter_subblock,
          nicolae_letter_subblock, nicolae_letter_subblock,
          nicolae_letter_subblock, nicolae_letter_subblock,
          nicolae_letter_subblock, nicolae_letter_subblock,
          nicolae_letter_subblock, nicolae_letter_subblock,
          nicolae_letter_subblock], uniq_ijyb

Skill      XL: |  1  2  3  4  5 |
---------------+----------------+-----
Dodging        | 3 4 5 |  5.4
Ranged Weapons | 5 6 |  6.1
Fighting       | 2 |  2.0
Stealth        | |  1.5

Action                     |  1- 3 |  4- 6 || total
---------------------------+-------+-------++-------
   Fire: Shortbow          |    83 |   128 ||   211
    Use: Scroll            |     5 |     3 ||     8
         Potion            |       |     1 ||     1
 Armour: Robe              |     8 |    20 ||    28
  Dodge: Dodged            |    27 |    62 ||    89

Table legend:
 A = Non-vault XP
 B = Vault XP
 C = Vault XP percentage of total XP
 D = Non-vault monster count
 E = Vault monster count
 F = Vault count percentage of total count
                 A         B        C        D         E       F
            +---------+---------+-------+---------+---------+-------
      Total |     350 |      36 |   9.3 |      73 |       1 |   1.4
            +---------+---------+-------+---------+---------+-------
        D:1 |      35 |       0 |   0.0 |      16 |       0 |   0.0
        D:2 |      89 |       0 |   0.0 |      24 |       0 |   0.0
        D:3 |     226 |       0 |   0.0 |      33 |       0 |   0.0
        D:4 |       0 |      36 | 100.0 |       0 |       1 | 100.0
            +---------+---------+-------+---------+---------+-------
